[Event "Titled Tuesday Blitz August 22 Late 2023"]
[White "Batsuren, Dambasuren"]
[Black "Mamedov, Edgar"]
[WhiteFideId "4902920"]
[BlackFideId "13739980"]
[WhiteElo "2795"]
[BlackElo "2675"]
[Result "0-1"]
[Round "7"]
[TimeControl "180+1"]
[Date "2023.08.22"]
[WhiteClock "0:00:00"]
[BlackClock "0:00:05"]
[Board "45"]

1. d4 d5 2. c4 e6 3. Nf3 c6 4. e3 Nf6 5. b3 Nbd7 6. Bb2 Bd6 7. Bd3 O-O 8. O-O b6 9. Nbd2 Bb7 10. Ne5 c5 11. cxd5 Bxd5 12. Nxd7 Nxd7 13. Qg4 cxd4 14. Bxd4 Be5 15. Rfd1 Bxd4 16. Qxd4 Qg5 17. e4 Bc6 18. Rac1 Ne5 19. h4 Qf4 20. g3 Qf6 21. Be2 Rad8 22. Qe3 Ba8 23. Rc7 Rd7 24. Rdc1 Rfd8 25. Rxd7 Rxd7 26. f4 Nc6 27. Bb5 Rc7 28. e5 Qd8 29. Ne4 h5 30. Nd6 Nb4 31. Rd1 Nd5 32. Qf3 Rc3 33. Qf2 Ne3 34. Re1 Ng4 0-1


[Site "https://www.chess.com"]

[Event "Titled Tuesday Blitz August 22 Late 2023"]
[White "Kushko, Dmitriy"]
[Black "D`Arruda, Ricardo D."]
[WhiteFideId "14162261"]
[BlackFideId "100692"]
[WhiteElo "2762"]
[BlackElo "2548"]
[Result "1-0"]
[Round "7"]
[TimeControl "180+1"]
[Date "2023.08.22"]
[WhiteClock "0:00:23"]
[BlackClock "0:00:30"]
[Board "46"]

1. Nf3 d5 2. g3 Nf6 3. Bg2 g6 4. b3 Bg7 5. Bb2 O-O 6. c4 c6 7. O-O Na6 8. d3 Bg4 9. Nbd2 Rc8 10. Qc2 e6 11. e4 Bxf3 12. Nxf3 dxe4 13. dxe4 Nd7 14. e5 Qe7 15. Rad1 Rfd8 16. a3 b5 17. b4 Nc7 18. c5 Nd5 19. Rfe1 a5 20. Qb3 axb4 21. axb4 Ra8 22. Nd4 Rdc8 23. f4 Ra4 24. Bxd5 exd5 25. Ra1 Rxa1 26. Rxa1 g5 27. Nf5 Qe6 28. Nd6 Rf8 29. f5 Qh6 30. f6 Nxf6 31. Nf5 Qh3 32. Ne7+ Kh8 33. exf6 1-0


[Site "https://www.chess.com"]

[Event "Titled Tuesday Blitz August 22 Late 2023"]
[White "Wieczorek, Oskar"]
[Black "Trifan, Andrei Ioan"]
[WhiteFideId "1133950"]
[BlackFideId "12967068"]
[WhiteElo "2748"]
[BlackElo "2568"]
[Result "1-0"]
[Round "7"]
[TimeControl "180+1"]
[Date "2023.08.22"]
[WhiteClock "0:00:16"]
[BlackClock "0:00:00"]
[Board "47"]

1. e4 e5 2. Nf3 Nc6 3. Nc3 Nf6 4. h3 d5 5. exd5 Nxd5 6. Bb5 Nxc3 7. bxc3 Bd6 8. O-O O-O 9. d4 exd4 10. cxd4 Ne7 11. Re1 c6 12. Bf1 Ng6 13. Rb1 h6 14. c4 Rb8 15. Bd3 Qf6 16. Bb2 Nf4 17. d5 Qd8 18. Bf1 cxd5 19. cxd5 Bf5 20. Qd4 f6 21. Rbc1 Qb6 22. Qd2 Rfe8 23. Bd4 Qb4 24. Rxe8+ Rxe8 25. Qxb4 Bxb4 26. Bxa7 Nxd5 27. Bc4 Be6 28. Rb1 Ra8 29. Bd4 Bf8 30. Rxb7 Nf4 31. Bxe6+ Nxe6 32. Ba7 Bc5 33. Rb8+ Rxb8 34. Bxb8 Kf7 35. Kf1 Ke7 36. Ne1 Kd7 37. Nd3 Bd4 38. Ke2 Kc6 39. f4 Kd5 40. f5 Ng5 41. Nf4+ Ke4 42. Ne6 Nxe6 43. fxe6 Bc5 44. a4 Kd5 45. a5 Kxe6 46. a6 1-0


[Site "https://www.chess.com"]

[Event "Titled Tuesday Blitz August 22 Late 2023"]
[White "Vovk, Orest"]
[Black "Martinez Ramirez, Lennis"]
[WhiteFideId "14113490"]
[BlackFideId "3509079"]
[WhiteElo "2544"]
[BlackElo "2735"]
[Result "0-1"]
[Round "7"]
[TimeControl "180+1"]
[Date "2023.08.22"]
[WhiteClock "0:00:00"]
[BlackClock "0:01:25"]
[Board "48"]

1. g4 d5 2. h3 h5 3. g5 e5 4. Bg2 Nc6 5. c4 d4 6. Bxc6+ bxc6 7. d3 c5 8. Nf3 Bd6 9. Nh4 Ne7 10. Nd2 Nf5 11. Nxf5 Bxf5 12. Ne4 a5 13. Qa4+ Bd7 14. Qc2 a4 15. h4 O-O 16. Rg1 Bf5 17. Bd2 Qd7 18. f3 Rfb8 19. Rd1 Rb6 20. Bc1 Bxe4 21. dxe4 Qh3 22. Kd2 Qxh4 23. Kd3 Qh3 24. Rh1 Qd7 25. Rxh5 g6 26. Rh4 Bf8 27. Rf1 Bg7 28. f4 exf4 29. Rhxf4 Re8 30. Rxf7 Qxf7 31. Rxf7 Kxf7 32. Qd2 Rbe6 33. Qf4+ Kg8 34. Qf3 Be5 35. Qg4 Bd6 36. Bd2 Kg7 37. Qg2 Rh8 38. Qf3 Rh4 39. Qg2 Re8 40. b3 Reh8 41. Qf3 Rh3 0-1


[Site "https://www.chess.com"]

[Event "Titled Tuesday Blitz August 22 Late 2023"]
[White "Matinian, Nikita"]
[Black "Poltorak, Sebastian"]
[WhiteFideId "24129100"]
[BlackFideId "1199498"]
[WhiteElo "2716"]
[BlackElo "2543"]
[Result "1-0"]
[Round "7"]
[TimeControl "180+1"]
[Date "2023.08.22"]
[WhiteClock "0:00:07"]
[BlackClock "0:00:00"]
[Board "49"]

1. e4 c6 2. d4 d5 3. e5 Bf5 4. Nf3 e6 5. Be2 Nd7 6. O-O h6 7. Nbd2 Ne7 8. Nb3 g5 9. a4 Bg7 10. Bd2 O-O 11. a5 f6 12. exf6 Bxf6 13. c4 Qc7 14. Rc1 Rae8 15. Ne1 e5 16. Bh5 Rd8 17. Bb4 Nb8 18. Nf3 e4 19. Ne5 dxc4 20. Nxc4 Na6 21. Ba3 Nd5 22. Bxf8 Rxf8 23. Ne3 Be6 24. Bg6 Qf4 25. Nxd5 Bxd5 26. Rc3 Bg7 27. Nc1 Qf6 28. Qh5 Qxd4 29. Ne2 Qe5 30. Re3 Nb4 31. Ng3 Nc2 32. Rxe4 Bxe4 33. Bxe4 Nd4 34. Qg6 Rf6 35. Qh7+ Kf8 36. Re1 Nc2 37. Rd1 Rd6 38. Rxd6 Qxd6 39. Bxc2 Qd2 40. Qf5+ Ke7 41. Qe4+ Kf8 42. Qd3 Qe1+ 43. Nf1 Bxb2 44. a6 bxa6 45. g3 Be5 46. Kg2 Qc3 47. Qxc3 Bxc3 48. Ne3 a5 49. Nf5 Bg7 50. Kf3 h5 51. Ke4 Bf6 52. h3 Kf7 53. Ba4 c5 54. Ne3 Ke6 55. Bb3+ Kd6 56. Nc4+ Kc6 57. Nxa5+ Kb5 58. Nc4 Kb4 59. Ba2 a5 60. Kd3 a4 61. g4 hxg4 62. hxg4 a3 63. f3 Bd8 64. Kc2 Bc7 65. Ne3 Bf4 66. Nd5+ Kb5 67. Nxf4 gxf4 68. g5 1-0


[Site "https://www.chess.com"]

[Event "Titled Tuesday Blitz August 22 Late 2023"]
[White "ATM622"]
[Black "Papasimakopoulos, Alexandros"]
[BlackFideId "4244125"]
[WhiteElo "2534"]
[BlackElo "2706"]
[Result "0-1"]
[Round "7"]
[TimeControl "180+1"]
[Date "2023.08.22"]
[WhiteClock "0:00:00"]
[BlackClock "0:01:16"]
[Board "50"]

1. d4 e6 2. c4 d5 3. g3 b6 4. Bg2 Bb7 5. Nf3 Nf6 6. O-O Nbd7 7. Nbd2 Be7 8. Qc2 O-O 9. b3 Rc8 10. Bb2 c5 11. Rac1 cxd4 12. Nxd4 Nc5 13. Qb1 dxc4 14. Bxb7 Nxb7 15. Nxc4 Rc7 16. Ne5 Rxc1 17. Rxc1 Bc5 18. Rd1 Qa8 19. Ba1 a5 20. h4 h6 21. Nb5 Nd5 22. Nd7 Rd8 23. Qb2 f6 24. Nxc5 Nxc5 25. Qc2 Nb4 26. Qb1 Rxd1+ 27. Qxd1 Qd5 28. Qxd5 exd5 29. Nc3 d4 30. Nb5 d3 31. exd3 Nxa2 32. Bd4 Nc1 33. Bxc5 bxc5 34. d4 Nxb3 35. dxc5 Nxc5 36. Kf1 Kf7 37. Ke2 Ke6 38. Ke3 Kd5 39. Kf4 g6 40. h5 Ne6+ 41. Ke3 gxh5 42. Kd3 f5 43. Ke3 Kc5 44. Nc3 Kc4 45. Na4 Kb4 46. Nb6 a4 0-1


[Site "https://www.chess.com"]

[Event "Titled Tuesday Blitz August 22 Late 2023"]
[White "Geivondian, Arman"]
[Black "Diaz Perez, Michel Alejandro"]
[WhiteFideId "24102032"]
[BlackFideId "3517179"]
[WhiteElo "2527"]
[BlackElo "2698"]
[Result "1-0"]
[Round "7"]
[TimeControl "180+1"]
[Date "2023.08.22"]
[WhiteClock "0:02:35"]
[BlackClock "0:01:14"]
[Board "51"]

1. e4 c6 2. Nf3 d5 3. d3 dxe4 4. dxe4 Qxd1+ 5. Kxd1 Bg4 6. Be2 Nd7 7. Ne1 Be6 8. c3 f6 9. Kc2 Bf7 10. Be3 e5 11. Nd3 Bd6 12. Nd2 Ne7 13. a4 O-O 14. Rhd1 Rfd8 15. a5 Ng6 16. g3 Ngf8 17. h4 Ne6 18. b4 b5 19. axb6 axb6 20. Nb2 b5 21. Nb3 Ndf8 22. Rxa8 Rxa8 23. Rxd6 Ra3 24. Nc1 g5 25. hxg5 Nxg5 26. Bxg5 fxg5 27. Rxc6 Bg6 28. f3 g4 29. Ncd3 Nd7 30. Rd6 Nf8 31. Nxe5 gxf3 32. Bxf3 Kg7 33. Nxg6 Nxg6 34. Be2 Ne5 35. Bxb5 Ng4 36. Nc4 Ra2+ 37. Kb3 Rg2 38. Bd7 Rxg3 39. Bxg4 Rxg4 40. b5 Rxe4 41. b6 Re7 42. Na5 Re5 43. Kb4 h5 44. b7 Re8 45. Nc6 h4 46. b8=Q Rxb8+ 47. Nxb8 h3 48. Rd1 1-0


[Site "https://www.chess.com"]

[Event "Titled Tuesday Blitz August 22 Late 2023"]
[White "Salimova, Nurgyul"]
[Black "Sanhueza, Cristian"]
[WhiteFideId "2915138"]
[BlackFideId "116815"]
[WhiteElo "2690"]
[BlackElo "2496"]
[Result "1-0"]
[Round "7"]
[TimeControl "180+1"]
[Date "2023.08.22"]
[WhiteClock "0:01:59"]
[BlackClock "0:01:23"]
[Board "52"]

1. d4 Nf6 2. Nf3 g6 3. a4 Bg7 4. a5 O-O 5. g3 d6 6. Bg2 c5 7. O-O cxd4 8. Nxd4 e5 9. Nb5 d5 10. Bg5 Be6 11. c4 d4 12. Bxb7 Nbd7 13. Nd2 Rb8 14. a6 Nc5 15. Bg2 h6 16. Bxf6 Bxf6 17. Nxa7 Rxb2 18. Nc6 Qc7 19. a7 Ra8 20. Ne7+ Bxe7 21. Bxa8 Rxd2 22. Qxd2 Nb3 23. Qa2 Nxa1 24. Bd5 Bxd5 25. cxd5 1-0


[Site "https://www.chess.com"]

[Event "Titled Tuesday Blitz August 22 Late 2023"]
[White "Alex_Sahakyan2006"]
[Black "Arencibia Monduy, Antonio"]
[BlackFideId "3507939"]
[WhiteElo "2687"]
[BlackElo "2473"]
[Result "0-1"]
[Round "7"]
[TimeControl "180+1"]
[Date "2023.08.22"]
[WhiteClock "0:00:23"]
[BlackClock "0:00:14"]
[Board "53"]

1. e4 e6 2. d4 d5 3. Bd3 dxe4 4. Bxe4 Nf6 5. Bf3 c5 6. Ne2 Nc6 7. Be3 cxd4 8. Nxd4 Ne5 9. Nc3 a6 10. Qe2 Bb4 11. O-O-O Qe7 12. Na4 Nxf3 13. Qxf3 O-O 14. Nb6 Rb8 15. Bg5 e5 16. Nf5 Bxf5 17. Qxf5 Qc7 18. Bxf6 Qxb6 19. Bxe5 Rbc8 20. Qg4 Qg6 21. Qxg6 fxg6 22. Rd7 Rf7 23. Rhd1 Rcf8 24. f3 h6 25. Rxf7 Rxf7 26. Rd8+ Kh7 27. c3 Ba5 28. Re8 Rd7 29. Kc2 g5 30. a4 Kg6 31. Bd4 Kf7 32. Rb8 Bd8 33. h3 Be7 34. Kd3 Bd6 35. b4 Bxb8 36. a5 Be5 37. Ke4 Bxd4 38. cxd4 Ke6 39. g3 Rd5 40. h4 gxh4 41. gxh4 Rb5 42. f4 g6 43. h5 gxh5 44. d5+ Rxd5 45. f5+ Rxf5 46. b5 Rxb5 47. Kf4 Rxa5 48. Kg3 Rb5 49. Kh4 a5 50. Kg3 a4 51. Kh4 a3 52. Kg3 a2 53. Kh4 a1=Q 54. Kg3 Qd4 55. Kh2 Rb2+ 56. Kh1 Qd1# 0-1


[Site "https://www.chess.com"]

[Event "Titled Tuesday Blitz August 22 Late 2023"]
[White "Pein, Jonathan"]
[Black "Hjartarson, Johann"]
[WhiteFideId "417092"]
[BlackFideId "2300044"]
[WhiteElo "2463"]
[BlackElo "2686"]
[Result "1/2-1/2"]
[Round "7"]
[TimeControl "180+1"]
[Date "2023.08.22"]
[WhiteClock "0:00:11"]
[BlackClock "0:00:04"]
[Board "54"]

1. b3 Nf6 2. Bb2 g6 3. Bxf6 exf6 4. c4 Bg7 5. Nc3 f5 6. g3 O-O 7. Bg2 d6 8. e3 c6 9. Nge2 Nd7 10. O-O Nf6 11. Rc1 Re8 12. b4 h5 13. h4 Ne4 14. d3 Nxc3 15. Nxc3 Bd7 16. b5 Qa5 17. Qb3 Rab8 18. a4 a6 19. d4 axb5 20. axb5 Ra8 21. Rb1 Qa3 22. bxc6 bxc6 23. Rfc1 Bf6 24. Qxa3 Rxa3 25. Rb7 Rd8 26. Rc7 Ra6 27. Rb1 Be8 28. Bf3 Rda8 29. Rbb7 Bd8 30. Rd7 Bxd7 31. Rxd7 Ba5 32. Ne2 Rd8 33. Rb7 Kf8 34. Nf4 Be1 35. Kf1 Bc3 36. Nh3 Re8 37. Ng5 Re7 38. Nh7+ Ke8 39. Nf6+ Kd8 40. Rb8+ Kc7 41. Rf8 Ra1+ 42. Kg2 Ra2 43. Ne8+ Kd7 44. Nf6+ Ke6 45. Nh7 Be1 46. Bxc6 Rxf2+ 47. Kg1 Ra2 48. Rd8 Bf2+ 49. Kf1 Rea7 50. Re8+ Re7 51. Ng5+ Kf6 52. Nh7+ Kg7 53. Rxe7 Kxh7 54. Rxf7+ Kh6 55. Bd5 Bxg3 56. c5 dxc5 57. dxc5 Rc2 58. c6 Bxh4 59. c7 Bg3 60. e4 Rxc7 61. Rxc7 Bxc7 62. exf5 g5 63. f6 g4 64. f7 Bd6 65. Kg2 Kg5 66. Be6 h4 67. Bxg4 Kxg4 68. f8=Q Bxf8 69. Kh1 Be7 70. Kg1 Bd6 71. Kh1 Bc5 72. Kg2 h3+ 73. Kh1 h2 74. Kxh2 1/2-1/2


[Site "https://www.chess.com"]

[Event "Titled Tuesday Blitz August 22 Late 2023"]
[White "Tatarinov, Dmitry"]
[Black "Albertini, Luca"]
[WhiteFideId "24160067"]
[BlackFideId "847038"]
[WhiteElo "2682"]
[BlackElo "2447"]
[Result "1-0"]
[Round "7"]
[TimeControl "180+1"]
[Date "2023.08.22"]
[WhiteClock "0:00:22"]
[BlackClock "0:00:07"]
[Board "55"]

1. d4 Nf6 2. Nf3 e6 3. c4 b6 4. g3 Ba6 5. Qa4 Bb7 6. Bg2 Be7 7. O-O O-O 8. Rd1 d5 9. Ne5 c6 10. Nc3 Nfd7 11. e4 Nxe5 12. dxe5 d4 13. h4 c5 14. Bf4 Bc6 15. Qc2 Qc7 16. Nd5 exd5 17. exd5 Bb7 18. d6 Qd7 19. dxe7 Qxe7 20. Bd5 Na6 21. Qe4 Bxd5 22. cxd5 Qd7 23. e6 Rfe8 24. Re1 fxe6 25. dxe6 Qe7 26. Bg5 Qd6 27. h5 Nc7 28. e7 Qd5 29. Qg4 Qf7 30. Re4 Kh8 31. Rae1 Nd5 32. h6 gxh6 33. Bxh6 Nf6 34. Qf4 Qg6 35. Re6 Nh5 36. Rxg6 Nxf4 37. Rf6 Ng6 38. Rf7 Rac8 39. f4 Rg8 40. f5 Nh4 41. Kf2 Nxf5 42. Rxf5 Rce8 43. Rf8 Rxe7 44. Rxg8+ Kxg8 45. Rxe7 1-0


[Site "https://www.chess.com"]

[Event "Titled Tuesday Blitz August 22 Late 2023"]
[White "laidfrq"]
[Black "angelgab3"]
[WhiteElo "2429"]
[BlackElo "2575"]
[Result "0-1"]
[Round "7"]
[TimeControl "180+1"]
[Date "2023.08.22"]
[WhiteClock "0:01:23"]
[BlackClock "0:01:55"]
[Board "56"]

1. e4 c5 2. Nf3 d6 3. d4 cxd4 4. Nxd4 Nf6 5. Nc3 g6 6. Be3 Bg7 7. f3 a6 8. Qd2 h5 9. O-O-O b5 10. Kb1 Bb7 11. Be2 Nbd7 12. h3 h4 13. Rhe1 Rc8 14. Bf1 Nb6 15. Bg5 Nc4 16. Bxc4 Rxc4 17. Nb3 Qc7 18. Nd5 Bxd5 19. exd5 O-O 20. Re2 Rc8 21. Na5 Rc5 22. Nc6 Nxd5 23. Nxe7+ Nxe7 24. Rxe7 Qc6 25. Rc1 Rd5 26. Qe2 Rxg5 0-1


[Site "https://www.chess.com"]

[Event "Titled Tuesday Blitz August 22 Late 2023"]
[White "Bartel, Mateusz"]
[Black "Yang, Kevin"]
[WhiteFideId "1112635"]
[BlackFideId "30908485"]
[WhiteElo "2833"]
[BlackElo "2439"]
[Result "1-0"]
[Round "7"]
[TimeControl "180+1"]
[Date "2023.08.22"]
[WhiteClock "0:00:14"]
[BlackClock "0:00:03"]
[Board "57"]

1. d4 Nf6 2. c4 e6 3. g4 Nxg4 4. e4 Qh4 5. Qe2 Nc6 6. Nf3 Qd8 7. Rg1 Nf6 8. Nc3 d6 9. Bf4 g6 10. d5 Nh5 11. Bg5 Ne7 12. e5 Bg7 13. O-O-O h6 14. Be3 O-O 15. dxe6 Bxe6 16. Nd4 Kh7 17. exd6 cxd6 18. Nxe6 fxe6 19. Qg4 Rf5 20. Bd3 Qa5 21. Bd2 Nf6 22. Qg2 Qc7 23. Bxf5 exf5 24. Rde1 g5 25. Kb1 Ng6 26. Bxg5 hxg5 27. Qxg5 Qf7 28. Qxf5 Re8 29. Nd5 Re5 30. Rxe5 dxe5 31. h4 Kh6 32. h5 Nf4 33. Nxf4 exf4 34. Qxf4+ Kh7 35. Qf5+ Kh8 36. b3 Qf8 37. Rd1 Nh7 38. Qxf8+ Bxf8 39. Rd7 b6 40. Rxa7 Bc5 41. f3 Ng5 42. a3 Nxf3 43. b4 Bd4 44. Kc2 Be5 45. Kd3 Bf6 46. Ke4 Nd2+ 47. Kd5 Bg5 48. Rb7 Be3 49. c5 bxc5 50. bxc5 Nf3 51. c6 Bf4 52. c7 Bxc7 53. Rxc7 Ng5 54. a4 Nh7 55. Ke6 Nf6 56. Kxf6 1-0


[Site "https://www.chess.com"]

[Event "Titled Tuesday Blitz August 22 Late 2023"]
[White "Fernandez, Nelson Wilfredo"]
[Black "Troff, Kayden"]
[WhiteFideId "8401594"]
[BlackFideId "2047896"]
[WhiteElo "2531"]
[BlackElo "2744"]
[Result "0-1"]
[Round "7"]
[TimeControl "180+1"]
[Date "2023.08.22"]
[WhiteClock "0:00:00"]
[BlackClock "0:00:05"]
[Board "58"]

1. d4 Nf6 2. c4 g6 3. Nc3 d5 4. Bg5 Ne4 5. Bh4 Nxc3 6. bxc3 dxc4 7. Nf3 Bg7 8. e3 Be6 9. Qb1 b6 10. Ng5 Bd5 11. e4 Bb7 12. Bxc4 O-O 13. O-O h6 14. Nf3 Nc6 15. a4 Na5 16. Ba2 c5 17. Qd3 Rc8 18. d5 c4 19. Qe3 Qd7 20. Nd4 e6 21. dxe6 fxe6 22. Rad1 Qf7 23. Nb5 Rc5 24. Nd6 Qc7 25. Nxb7 Qxb7 26. Bg3 Rcc8 27. Rd6 Rcd8 28. Rfd1 Rxd6 29. Rxd6 Qe7 30. Qd2 Rf7 31. h3 Kh7 32. Bb1 e5 33. Bc2 Bf8 34. Rd5 Bg7 35. Rd6 Nb7 36. Rd5 Nc5 37. f3 Qc7 38. Bf2 Nb7 39. Be3 Qc6 40. Rd6 Nxd6 41. Qf2 Nb7 42. Qh4 Nc5 43. g4 Qf6 44. g5 Qxf3 0-1


[Site "https://www.chess.com"]

[Event "Titled Tuesday Blitz August 22 Late 2023"]
[White "Tanenbaum, Zachary"]
[Black "Ozkan, Taha"]
[WhiteFideId "2060850"]
[BlackFideId "34577173"]
[WhiteElo "2703"]
[BlackElo "2536"]
[Result "0-1"]
[Round "7"]
[TimeControl "180+1"]
[Date "2023.08.22"]
[WhiteClock "0:00:00"]
[BlackClock "0:01:14"]
[Board "59"]

1. e4 e6 2. d4 d5 3. Nc3 Bb4 4. exd5 Bd6 5. Bb5+ c6 6. dxc6 bxc6 7. Bd3 Ne7 8. Nf3 Bb7 9. Ne4 Nd5 10. Nxd6+ Qxd6 11. Ne5 c5 12. Bb5+ Kf8 13. Qf3 f6 14. Qh5 Qe7 15. Ng6+ hxg6 16. Qxh8+ Kf7 17. Bd3 cxd4 18. Qh7 f5 19. Bh6 Qf6 20. h4 Nd7 21. g4 Nf8 22. Qh8 gxh6 23. Qxh6 fxg4 24. O-O-O Nf4 25. h5 gxh5 26. Rxh5 Nxh5 27. Qxh5+ Ke7 28. Qc5+ Kf7 29. Qh5+ Ke7 30. Qc5+ Kd8 31. Bb5 e5 32. c3 Rc8 33. Qxa7 Be4 34. Qa5+ Rc7 0-1


[Site "https://www.chess.com"]

[Event "Titled Tuesday Blitz August 22 Late 2023"]
[White "Grossboss19"]
[Black "GaiozNigalidze"]
[WhiteElo "2535"]
[BlackElo "2696"]
[Result "0-1"]
[Round "7"]
[TimeControl "180+1"]
[Date "2023.08.22"]
[WhiteClock "0:01:07"]
[BlackClock "0:00:30"]
[Board "60"]

1. e4 c5 2. Nf3 d6 3. c4 Nc6 4. Nc3 g6 5. d4 cxd4 6. Nxd4 Bg7 7. Be3 Qb6 8. Nb3 Bxc3+ 9. bxc3 Qc7 10. c5 dxc5 11. Bxc5 Nf6 12. Bd3 O-O 13. O-O b6 14. Be3 Ng4 15. g3 Nxe3 16. fxe3 Ne5 17. Qc2 Rd8 18. Be2 Bb7 19. Rac1 Rac8 20. c4 Qc6 21. Rf4 Ba6 22. Nd2 Qc5 23. Qc3 Nd3 24. Bxd3 Qxe3+ 25. Rf2 Rxd3 26. Qc2 Rcd8 27. Nf1 Qxe4 28. Qa4 Bb7 0-1


[Site "https://www.chess.com"]

[Event "Titled Tuesday Blitz August 22 Late 2023"]
[White "Rastbod, Ali"]
[Black "Loay, Sameer"]
[WhiteFideId "12567477"]
[BlackFideId "8104239"]
[WhiteElo "2682"]
[BlackElo "2523"]
[Result "0-1"]
[Round "7"]
[TimeControl "180+1"]
[Date "2023.08.22"]
[WhiteClock "0:00:51"]
[BlackClock "0:01:31"]
[Board "61"]

1. c4 Nf6 2. Nc3 g6 3. e4 Bg7 4. e5 Ng8 5. d4 c5 6. dxc5 Bxe5 7. Nf3 Bxc3+ 8. bxc3 Nf6 9. Bh6 Qa5 10. Bg7 Qxc3+ 11. Nd2 Rg8 12. Rc1 Qe5+ 13. Be2 Rxg7 14. O-O Nc6 15. Nf3 Qxc5 16. Qd2 d6 17. Qh6 Rg8 18. Ng5 Be6 19. Rb1 O-O-O 20. Rb5 Qa3 21. Rfb1 b6 22. Qh4 h6 23. Nxe6 fxe6 24. Qxh6 Nd4 25. R5b2 Nxe2+ 26. Rxe2 e5 27. Rb3 Qc5 28. Qc1 Nd7 29. a4 Kb7 30. a5 Qxa5 31. Ra3 Qc5 32. Rea2 a5 33. Qb1 Kc7 34. Rb3 Rgf8 35. Rb5 Qc6 36. h3 Rf4 37. Qxg6 Rxc4 38. Rbb2 Qe4 39. Qh6 Qf4 0-1


[Site "https://www.chess.com"]

[Event "Titled Tuesday Blitz August 22 Late 2023"]
[White "Cuenca Jimenez, Jose Fernando"]
[Black "Gurevich, Dmitry"]
[WhiteFideId "2255570"]
[BlackFideId "2000407"]
[WhiteElo "2680"]
[BlackElo "2530"]
[Result "1-0"]
[Round "7"]
[TimeControl "180+1"]
[Date "2023.08.22"]
[WhiteClock "0:00:38"]
[BlackClock "0:00:10"]
[Board "62"]

1. c4 e6 2. Nf3 d5 3. b3 Nf6 4. Bb2 g6 5. g3 Bg7 6. Bg2 O-O 7. O-O a5 8. Nc3 d4 9. Nb5 c5 10. e3 dxe3 11. dxe3 Nc6 12. Ne5 Bd7 13. Nxd7 Nxd7 14. Bxg7 Kxg7 15. Qd6 Nde5 16. Qxc5 Nd3 17. Qd6 Rb8 18. Rfd1 Qxd6 19. Nxd6 Ndb4 20. Rd2 Rfd8 21. Rad1 Rd7 22. a3 Na6 23. Ne8+ Rxe8 24. Rxd7 Nc5 25. Bxc6 bxc6 26. Rc7 Nxb3 27. Rxc6 a4 28. Rd7 Kf6 29. Ra7 Rd8 30. Rxa4 Rd2 31. c5 Rc2 32. Rf4+ 1-0


[Site "https://www.chess.com"]

[Event "Titled Tuesday Blitz August 22 Late 2023"]
[White "Wu, Derek"]
[Black "Cheng, Xiao"]
[WhiteFideId "30914558"]
[BlackFideId "2022915"]
[WhiteElo "2674"]
[BlackElo "2472"]
[Result "0-1"]
[Round "7"]
[TimeControl "180+1"]
[Date "2023.08.22"]
[WhiteClock "0:01:21"]
[BlackClock "0:01:51"]
[Board "63"]

1. e4 c5 2. Nf3 e6 3. d4 cxd4 4. Nxd4 d6 5. Nc3 a6 6. h3 b5 7. a3 Nf6 8. g4 Bb7 9. Bg2 Be7 10. g5 Nfd7 11. Be3 Nc5 12. h4 Nc6 13. Nxc6 Bxc6 14. Qd4 e5 15. Qd2 Ne6 16. Nd5 Bxd5 17. exd5 Nf8 18. h5 Rc8 19. O-O-O Nd7 20. g6 Nc5 21. h6 Nb3+ 22. Kb1 Nxd2+ 23. Rxd2 gxh6 24. gxf7+ Kxf7 25. Rxh6 Bg5 26. Re6 Re8 27. Bh3 Bxe3 28. fxe3 Rxe6 29. Bxe6+ Kg7 30. Rf2 Rc7 31. Rg2+ Kf6 32. Rf2+ Kg6 33. Bf5+ Kg5 34. e4 h5 35. Rg2+ Kf4 36. Rh2 Qg5 0-1


[Site "https://www.chess.com"]

[Event "Titled Tuesday Blitz August 22 Late 2023"]
[White "Zhu, Jiner"]
[Black "WindWhistler11"]
[WhiteFideId "8608059"]
[WhiteElo "2662"]
[BlackElo "2498"]
[Result "1-0"]
[Round "7"]
[TimeControl "180+1"]
[Date "2023.08.22"]
[WhiteClock "0:00:23"]
[BlackClock "0:00:00"]
[Board "64"]

1. Nf3 d6 2. g3 f5 3. Bg2 Nf6 4. d4 g6 5. c4 Bg7 6. Nc3 O-O 7. O-O Nc6 8. b3 Kh8 9. Bb2 e6 10. d5 Ne5 11. dxe6 Bxe6 12. Nd4 Bc8 13. Nd5 c6 14. Nxf6 Qxf6 15. Qc2 f4 16. Rad1 Bg4 17. Kh1 Rae8 18. Nf3 fxg3 19. fxg3 Bf5 20. e4 Bg4 21. Nxe5 Bxd1 22. Qxd1 Qe6 23. Nd3 Bxb2 24. Nxb2 Qe5 25. Nd3 Qd4 26. Qa1 Rxf1+ 27. Qxf1 Kg7 28. Qe2 d5 29. cxd5 cxd5 30. e5 1-0


[Site "https://www.chess.com"]

[Event "Titled Tuesday Blitz August 22 Late 2023"]
[White "Di Berardino, Diego Rafael"]
[Black "Bazilius, Augustinas"]
[WhiteFideId "2105446"]
[BlackFideId "12832251"]
[WhiteElo "2635"]
[BlackElo "2460"]
[Result "1-0"]
[Round "7"]
[TimeControl "180+1"]
[Date "2023.08.22"]
[WhiteClock "0:00:10"]
[BlackClock "0:00:02"]
[Board "65"]

1. e4 c5 2. Nf3 Nc6 3. c3 Nf6 4. e5 Nd5 5. d4 cxd4 6. cxd4 d6 7. Bc4 Nb6 8. Bb5 dxe5 9. Nxe5 Bd7 10. Nxd7 Qxd7 11. Nc3 e6 12. O-O Be7 13. Qg4 Bf6 14. Be3 Nd5 15. Ne4 O-O 16. Rad1 g6 17. Nxf6+ Nxf6 18. Qh4 Nd5 19. Bh6 Rfe8 20. Rfe1 a6 21. Bc4 Nce7 22. Bg5 Nf5 23. Qh3 b5 24. Bxd5 Qxd5 25. Bf6 Ng7 26. Re5 Nh5 27. Rxd5 exd5 28. Bg5 Rac8 29. g4 Ng7 30. Bf6 Rc2 31. Qh6 Ne6 32. Re1 Rc7 33. h4 Rec8 34. Kg2 Rd7 35. h5 Re8 36. hxg6 fxg6 37. Re5 Rf7 38. g5 Nc7 39. Rxe8+ Nxe8 40. Be5 Ng7 41. f4 Nf5 42. Qh3 Rb7 43. Qb3 Rd7 44. a4 Kf7 45. axb5 axb5 46. Qxb5 Re7 47. Qxd5+ Ke8 48. Qg8+ Kd7 49. Qd5+ Ke8 50. Qa8+ Kf7 51. d5 Ne3+ 52. Kf3 Nc4 53. d6 Nxe5+ 54. fxe5 Rxe5 55. Qb7+ Ke6 56. Qe7+ Kd5 57. Qxe5+ Kxe5 58. d7 Kf5 59. d8=Q 1-0


[Site "https://www.chess.com"]

[Event "Titled Tuesday Blitz August 22 Late 2023"]
[White "Pinto, Daniel"]
[Black "Vlassov, Nikolai"]
[WhiteFideId "3303144"]
[BlackFideId "4103360"]
[WhiteElo "2452"]
[BlackElo "2614"]
[Result "1-0"]
[Round "7"]
[TimeControl "180+1"]
[Date "2023.08.22"]
[WhiteClock "0:00:03"]
[BlackClock "0:00:01"]
[Board "66"]

1. e4 Nc6 2. Nc3 Nf6 3. Nf3 d5 4. exd5 Nxd5 5. d4 Bg4 6. Be2 e6 7. Ne4 Be7 8. O-O O-O 9. c3 Re8 10. Re1 Bf8 11. Bg5 Qd7 12. h3 Bf5 13. Ng3 Bg6 14. Bb5 Bd6 15. c4 Bxg3 16. fxg3 Nb6 17. c5 Nd5 18. Ne5 Qc8 19. Nxc6 bxc6 20. Bxc6 Rb8 21. Bxe8 Qxe8 22. b3 h6 23. Bd2 Qe7 24. Qf3 c6 25. g4 Rb5 26. Re2 a5 27. Rae1 Qa7 28. h4 a4 29. b4 Nxb4 30. Bxb4 Rxb4 31. Qxc6 Rxd4 32. Qb6 Qxb6 33. cxb6 Rb4 34. h5 Bb1 35. Rd2 Rxb6 36. Rd8+ Kh7 37. Ra8 Bc2 38. Re2 Bd3 39. Rf2 Rb4 40. g5 hxg5 41. Rxf7 g4 42. Rff8 Kh6 43. Ra5 Bf5 44. Rh8+ Kg5 45. g3 Rb1+ 46. Kf2 Rb2+ 47. Ke3 Rxa2 48. Ra7 Ra3+ 49. Kf2 Rf3+ 50. Kg2 Kf6 51. h6 gxh6 52. Rxh6+ Ke5 53. Rxa4 Be4 54. Ra5+ Bd5 55. Kh2 Rf2+ 56. Kg1 Rg2+ 57. Kf1 Rxg3 58. Rh5+ Kd4 59. Ra4+ Bc4+ 60. Kf2 Rf3+ 61. Kg2 Rc3 62. Rg5 Kd3 63. Rxg4 Bd5+ 64. Kg3 Kd2+ 65. Kf4 Rf3+ 66. Ke5 Re3+ 67. Kd4 Rd3+ 68. Kc5 Rc3+ 69. Kd6 Rd3 70. Ke7 Kc2 71. Rab4 Kc3 72. Rh4 Rd1 73. Rb6 Rg1 74. Kd6 Rg6 75. Rh3+ Kc4 76. Rh4+ Kc3 77. Kc5 Rg5 78. Rh3+ Kc2 79. Kd4 Rg4+ 80. Kc5 Rc4+ 81. Kd6 Rc3 82. Rh2+ Kd3 83. Rbb2 Kc4 84. Rh4+ Kd3 85. Rhh2 Kc4 86. Rbd2 Ra3 87. Rh4+ Kb5 88. Rb2+ Rb3 89. Rxb3+ Bxb3 90. Rd4 Bd5 91. Rh4 Kb6 92. Rb4+ Ka5 93. Kc5 Ka6 94. Ra4+ Kb7 95. Ra5 Kb8 96. Kb6 Kc8 97. Ra7 Kd8 98. Kc5 Kc8 99. Kd6 Kb8 100. Rc7 Ka8 101. Kc5 Kb8 102. Kb6 Be4 103. Re7 Kc8 104. Rxe6 Bd5 105. Rd6 Be4 106. Kc5 Kc7 107. Re6 Bf3 108. Re7+ Kd8 109. Kd6 Kc8 110. Rf7 Bg2 111. Rc7+ Kb8 112. Rg7 Bf3 113. Rf7 Bg2 114. Rf2 Be4 115. Rb2+ Kc8 116. Rb6 Bf3 117. Rb5 Bg2 118. Rc5+ Kb7 119. Rb5+ Ka6 120. Rb2 Ka5 121. Kc5 Ka4 122. Rxg2 Kb3 123. Rg3+ 1-0


[Site "https://www.chess.com"]